 Dungeon Crawl Stone Soup version 0.22-a0-455-ga0624bf (webtiles) character file.

135 KristoblXynda the Slasher (level 5, 0/45 HPs)
             Began as a Naga Gladiator on June 5, 2018.
             Killed by nerve-wracking pain
             ... invoked by an orc priest
              (12 damage)
             ... on level 3 of the Dungeon.
             The game lasted 00:05:19 (3346 turns).

KristoblXynda the Slasher (Naga Gladiator)          Turns: 3346, Time: 00:05:19

Health: 0/45       AC:  4    Str: 17    XL:     5   Next: 18%
Magic:  5/5        EV: 10    Int:  8    God:
Gold:   129        SH:  2    Dex: 13    Spells: 4/4 levels left

rFire    . . .     SeeInvis +   a - +0 long sword
rCold    . . .     Gourm    .   (no shield)
rNeg     . . .     Faith    .   b - +0 leather armour
rPois    +         Spirit   .   c - +0 helmet
rElec    .         Reflect  +   (no cloak)
rCorr    .         Harm     .   (no gloves)
MR       .....                  (no barding)
Stlth    +.........             k - +2 amulet of reflection
HPRegen  0.15/turn              (no ring)
MPRegen  0.09/turn              (no ring)

@: very slow
A: large, see invisible, deformed body, poison resistance, slowness 2, slow
metabolism 1, spit poison 1, AC +1
a: Spit Poison


You were on level 3 of the Dungeon.
You were not hungry.

You visited 1 branch of the dungeon, and saw 3 of its levels.

You collected 129 gold pieces.

Inventory:

Hand Weapons
 a - a +0 long sword (weapon)
Missiles
 d - 3 throwing nets (quivered)
Armour
 b - a +0 leather armour (worn)
 c - a +0 helmet (worn)
 p - a +0 pair of gloves
Jewellery
 k - a +2 amulet of reflection (around neck)
 m - an uncursed amulet of guardian spirit {unknown}
Scrolls
 e - 2 scrolls of teleportation
 h - a scroll of amnesia {unknown}
 i - 3 scrolls of remove curse {unknown}
 l - a scroll of enchant armour {unknown}
 o - a scroll of blinking {unknown}
Potions
 g - 3 potions of curing
 j - 2 potions of agility
 n - a potion of might
Comestibles
 f - 3 rations


   Skills:
 - Level 2.0 Fighting
 * Level 4.4 Long Blades
 - Level 2.0 Throwing
 + Level 1.5 Armour
 + Level 3.1 Dodging


You had 4 spell levels left.
You didn't know any spells.
Your spell library was empty.

Dungeon Overview and Level Annotations

Branches:
Dungeon (3/15)

Altars:


Innate Abilities, Weirdness & Mutations

You cannot wear boots.
Your serpentine skin is tough. (AC +1)
You have supernaturally acute eyesight. (SInv)
Armour fits poorly on your strangely shaped body.
Your system is resistant to poisons. (rPois)
You cover ground very slowly.
You have a slow metabolism.
You can spit poison.


Message History

You barely miss the orc.
The orc is moderately wounded.
The orc hits you but does no damage.
The orc priest calls upon Beogh to heal the orc.
The orc's wounds heal themselves!
You slash the orc!
You kill the orc!
You hit the frilled lizard.
You kill the frilled lizard!
You hit the orc priest but do no damage.
The orc priest hits you with a mace of crushing.
You closely miss the orc priest.
The orc priest hits you with a mace of crushing!
You closely miss the orc priest.
The orc priest hits you with a mace of crushing.
* * * LOW HITPOINT WARNING * * *
x2 You barely miss the orc priest.
The orc priest calls down the wrath of Beogh upon you.
Pain shoots through your body!
You die...

#.# #.###### #.......
########.######
.>.......######
########...(...
######....÷.......
#...........######
#@####.####.####
##o## #.#.......#
#)..###.#.......#
.....###....#.......#
..... #.####.......#
#### #.####.......# .
.#...........#
#.##....†......#
#.............####


You could see an orc priest.

Vanquished Creatures
  An orc wizard (D:3)
  4 adders
  2 worms
  A dart slug (D:2)
  4 leopard geckos
  3 orcs (D:3)
  2 giant cockroaches
  4 goblins
  6 hobgoblins
  3 jackals (D:2)
  A quokka (D:3)
  2 ball pythons
  6 bats
  6 frilled lizards
  5 kobolds
  7 rats
57 creatures vanquished.

Notes
Turn   | Place    | Note
-------+----------+-------------------------------------------
     0 | D:1      | KristoblXynda the Naga Gladiator began the quest for the Orb.
     0 | D:1      | Reached XP level 1. HP: 19/19 MP: 1/1
     0 | D:1      | Noticed a formicid
     0 | D:1      | Noticed a felid
     1 | D:1      | Noticed a minotaur
     1 | D:1      | Noticed an octopode
     3 | D:1      | Noticed a naga
     3 | D:1      | Noticed a gargoyle
     5 | D:1      | Noticed a minotaur
     6 | D:1      | Noticed a vine stalker
     8 | D:1      | Noticed a dwarf
    12 | D:1      | Noticed a dwarf
    14 | D:1      | Noticed an elf
    15 | D:1      | Noticed a gargoyle
    16 | D:1      | Noticed an elf
    16 | D:1      | Noticed a vampire
    18 | D:1      | Noticed a ghoul
    18 | D:1      | Noticed a felid
    20 | D:1      | Noticed a vampire
    20 | D:1      | Noticed a ghoul
    22 | D:1      | Noticed a felid
   667 | D:1      | Reached XP level 2. HP: 23/26 MP: 2/2
  1754 | D:2      | Reached XP level 3. HP: 23/32 MP: 3/3
  2457 | D:2      | Reached skill level 1 in Armour
  2555 | D:2      | Reached XP level 4. HP: 12/39 MP: 4/4
  2560 | D:2      | Reached skill level 4 in Long Blades
  3334 | D:3      | Reached XP level 5. HP: 32/45 MP: 5/5
  3346 | D:3      | Killed from afar by an orc priest

Vault maps used:
D:1:      shiori_arrival_whats_in_store_for_you, roderic_roman_lattice,
          serial_bayou_ford_a, hangedman_decor_diamond_cutter, st_stairs_10
D:3:      uniq_natasha

Skill      XL: |  1  2  3  4 |
---------------+-------------+-----
Throwing       | 2 |  2.0
Armour         | 1 |  1.5
Long Blades    | 4 |  4.4
Dodging        | 3 |  3.1
Fighting       | |  2.0

Action                   |  1- 3 |  4- 6 || total
-------------------------+-------+-------++-------
Melee: Long sword        |   105 |    76 ||   181
Throw: Throwing net      |       |     1 ||     1
 Abil: Spit Poison       |     5 |     3 ||     8
  Use: Scroll            |     1 |     4 ||     5
 Stab: Sleeping          |     1 |       ||     1
       Held in net/web   |       |     1 ||     1
  Eat: Chunk             |     4 |     2 ||     6
Armor: Leather armour    |    33 |    47 ||    80
Dodge: Dodged            |    72 |    52 ||   124
Block: Other             |       |     3 ||     3
       Rpst.: Long sword |    24 |    21 ||    45

Table legend:
 A = Spawn XP
 B = Non-spawn XP
 C = Spawn XP percentage of total XP
 D = Spawn monster count
 E = Non-spawn monster count
 F = Spawn count percentage of total count
 G = Total turns spent on level
                    A         B        C        D         E        F      G
               +---------+---------+-------+---------+---------+-------+---------
         Total |       0 |     193 |   0.0 |       0 |      57 |   0.0 |  3346
               +---------+---------+-------+---------+---------+-------+---------
           D:1 |       0 |      26 |   0.0 |       0 |      13 |   0.0 |  1590
           D:2 |       0 |      82 |   0.0 |       0 |      26 |   0.0 |  1298
           D:3 |       0 |      85 |   0.0 |       0 |      18 |   0.0 |   458
               +---------+---------+-------+---------+---------+-------+---------
